[Event "*** SCC Grand Prix: Titled Tuesday Blitz"]
[Site "Chess.com"]
[Date "2020.10.06"]
[Round "4"]
[White "BigAl"]
[Black "VitaliyBernadskiy"]
[Result "0-1"]
[WhiteElo "2506"]
[BlackElo "2733"]
[TimeControl "180+1"]
[EndTime "10:38:29 PDT"]
[Termination "VitaliyBernadskiy won by resignation"]

1. e4 e5 2. Bc4 Nf6 3. d3 c6 4.
Nf3 d6 5. Nbd2 Be7 6. a4 O-O 7.
O-O Bg4 8. h3 Bh5 9. Re1 Nbd7 10. Ba2 Nc5 11. a5 Nfd7 12. Nf1 Ne6 13. a6 b5 14. Ng3 Bg6 15. d4 Nxd4 16. Nxd4 exd4 17. Qxd4 Nc5 18. f4 Bh4 19. Re3 h6 20. Bd2 Bf6 21. e5 dxe5 22. Qxc5 Qxd2 23. fxe5 Bd8 24. Qc3 Qxe3+ 25.
Qxe3 Bb6 26. Kf2 Rfd8 27. Ke2 Bxe3 28. Kxe3 Bxc2 29. Ne2 Rd3+ 30. Kf2 Rd1 31. Rxd1 Bxd1 32. Nd4 Rd8 33. Nxc6 Rd2+ 34. Ke3 Rxb2 35. Bd5 Bb3 36. Bf3 Ra2 37. Nb8 Be6 38. Be2 b4 39. Nc6 b3 40.
Nxa7 Rxe2+ 41. Kxe2 b2 0-1

[Event "*** SCC Grand Prix: Titled Tuesday Blitz"]
[Site "Chess.com"]
[Date "2020.10.06"]
[Round "4"]
[White "misterlamine"]
[Black "natelleka"]
[Result "1-0"]
[WhiteElo "2327"]
[BlackElo "2209"]
[TimeControl "180+1"]
[EndTime "10:38:29 PDT"]
[Termination "misterlamine won on time"]

1. d4 d5 2. c4 c5 3. dxc5 Nf6 4. Nc3 e6 5. cxd5 exd5 6. Bg5 d4 7. Bxf6 Qxf6 8. Nb5 Bxc5 9. a3 O-O 10. Nc7 d3 11. e3 Qxb2 12. Nf3 Bg4 13. Bxd3 Qc3+ 14. Ke2 Nc6 15. Nxa8 Rxa8 16. Rc1 Qxa3 17. h3 Bxf3+ 18. gxf3 Re8 19. Be4 Ne5 20. Kf1 g6 21. Kg2 Kg7 22.
Qd5 Bb6 23. f4 Nc6 24. f5 Qb2 25. fxg6 hxg6 26. Bf3 Re5 27. Qd7 Rg5+ 28. Bg4 Bxe3 29. Rhf1 Bxc1 30. Kg1 Ne5 31. Qc8 Nxg4 32. hxg4 f5 33.
Qd7+ Kh6 34. Qd8 Rxg4+ 35. Kh1 Qe5 36. Qf8+ Kh5 37. Qc8 Qe4+ 38. f3 Rh4+ 39. Kg2 Qe2+ 40. Rf2 Qe1 41. Qh8+ 1-0

[Event "*** SCC Grand Prix: Titled Tuesday Blitz"]
[Site "Chess.com"]
[Date "2020.10.06"]
[Round "4"]
[White "Gerasimenyuk_Miha"]
[Black "Moultino06"]
[Result "0-1"]
[WhiteElo "2421"]
[BlackElo "2656"]
[TimeControl "180+1"]
[EndTime "10:38:30 PDT"]
[Termination "Moultino06 won by resignation"]

1. d4 Nc6 2. Nf3 d6 3. Bg5 h6 4. Bh4 g5 5. Bg3 Bg7 6. e3 e5 7. c3 Nge7 8. Nbd2 f5 9. dxe5 dxe5 10. h4 f4 11. Bh2 g4 12. Ng1 O-O 13. Qb3+ Kh8 14.
O-O-O Qe8 15. Bb5 a6 16. Bd3 b5 17. Ne2 fxe3 18. fxe3 Nf5 19. Bxf5 Bxf5 20. Ng3 Be6 21. Qc2 b4 22. c4 a5 23. Nde4 a4 24. Qe2 Na5 25.
Nd2 b3 26. a3 Nxc4 27. Nxc4 Qc6 28. Kb1 Bxc4 29. Qxg4 Qxg2 30. Qxc4 Rf2 31. Qc3 e4 32. Rd4 Rc2 33. Rg1 Qxh2 34. Nf1 Qxg1 35. Qe1 Rf8 0-1

[Event "*** SCC Grand Prix: Titled Tuesday Blitz"]
[Site "Chess.com"]
[Date "2020.10.06"]
[Round "4"]
[White "anasta10"]
[Black "exoticprincess"]
[Result "0-1"]
[WhiteElo "2475"]
[BlackElo "2878"]
[TimeControl "180+1"]
[EndTime "10:38:30 PDT"]
[Termination "exoticprincess won by resignation"]

1. Nf3 d5 2. d4 c6 3. c4 Nf6 4. cxd5 cxd5 5. Nc3 Nc6 6. Bf4 a6 7. e3 Bg4 8. h3 Bxf3 9. Qxf3 e6 10. Rc1 Bd6 11. Bd3 O-O 12. O-O Bxf4 13. Qxf4 Qe7 14. Rfd1 Rfc8 15. Bb1 g6 16. e4 dxe4 17. Nxe4 Nd5 18.
Qh6 Rd8 19. Rd3 Nf6 20. Rg3 Nxe4 21. Bxe4 Nxd4 22. Re1 Rd7 23. h4 Qf8 24. Qg5 Rad8 25. h5 Qg7 26. hxg6 hxg6 27. Qc5 b5 28. b3 Qf6 29. a4 bxa4 30. bxa4 Kg7 31. a5 Rh8 32. Qc1 Qf4 33. Qb1 Qd2 34. Bxg6 Kf6 35. Bd3 Rd5 36.
Be4 Rdh5 37. Rh3 Rxh3 38. gxh3 Qg5+ 39. Bg2 Nf3+ 40. Kf1 Nd2+ 0-1

[Event "*** SCC Grand Prix: Titled Tuesday Blitz"]
[Site "Chess.com"]
[Date "2020.10.06"]
[Round "4"]
[White "AleksanderHnydiuk"]
[Black "Fischerev7"]
[Result "1-0"]
[WhiteElo "2549"]
[BlackElo "2342"]
[TimeControl "180+1"]
[EndTime "10:38:30 PDT"]
[Termination "AleksanderHnydiuk won on time"]

1. d4 Nf6 2. c4 e6 3. g3 d5 4. Nf3 Be7 5. Bg2 O-O 6. Nc3 b6 7. cxd5 Nxd5 8. O-O Bb7 9. Re1 Nd7 10. e4 Nxc3 11.
bxc3 c5 12. Bf4 cxd4 13. cxd4 Rc8 14. Qb3 Nf6 15. Ne5 h6 16. Rad1 Nh5 17. Be3 Nf6 18.
d5 exd5 19. exd5 Bd6 20. Bd4 Re8 21. Nc6 Bxc6 22. dxc6 Rxe1+ 23. Rxe1 Be7 24. Qe3 Bd6 25. h3 Rc7 26. Bf3 Re7 27. Qd2 Rxe1+ 28. Qxe1 Nh7 29. Qc3 Bf8 30. c7 Qc8 31. Bb7 Qxb7 32.
c8=Q Qe4 33. Bxg7 1-0

[Event "*** SCC Grand Prix: Titled Tuesday Blitz"]
[Site "Chess.com"]
[Date "2020.10.06"]
[Round "4"]
[White "JoliyRoger"]
[Black "Aleksey_Sorokin"]
[Result "0-1"]
[WhiteElo "2459"]
[BlackElo "2816"]
[TimeControl "180+1"]
[EndTime "10:38:31 PDT"]
[Termination "Aleksey_Sorokin won by resignation"]

1. Nf3 Nf6 2. c4 g6 3. Nc3 d5 4. d4 Bg7 5. Bg5 Ne4 6. cxd5 Nxg5 7. Nxg5 e6 8. Nf3 exd5 9. b4 Qd6 10. Qb3 O-O 11.
e3 c6 12. Be2 Be6 13. O-O Nd7 14. Rfd1 b5 15. a4 a5 16. axb5 Qxb4 17. Rab1 c5 18. Qc2 c4 19. Rxb4 axb4 20. Nb1 b3 21. Qc3 Ra2 22. Bf1 Rb8 23. Qe1 Bf8 24. e4 Nb6 25.
Ng5 Bg4 26. f3 Bd7 27. Nc3 Bb4 28. Qh4 h5 29. Nxa2 bxa2 30. exd5 Bc3 31. Qg3 Ra8 32.
Qc7 a1=Q 33. Rxa1 Bxd4+ 34. Kh1 Rxa1 35. h4 Rxf1+ 36. Kh2 Re1 37. g3 Re2+ 38. Kh1 c3 39.
Ne4 c2 40. Qd8+ Kg7 41. Qc7 Re1+ 0-1

[Event "*** SCC Grand Prix: Titled Tuesday Blitz"]
[Site "Chess.com"]
[Date "2020.10.06"]
[Round "4"]
[White "DenishevM"]
[Black "Ladislav1969"]
[Result "0-1"]
[WhiteElo "2550"]
[BlackElo "2374"]
[TimeControl "180+1"]
[EndTime "10:38:31 PDT"]
[Termination "Ladislav1969 won by resignation"]

1. Nf3 Nf6 2. c4 g6 3. g3 Bg7 4.
Bg2 d5 5. cxd5 Nxd5 6. Nc3 c5 7. O-O Nc6 8. Qc2 Ndb4 9. Qb1 Bf5 10. d3 Nd4 11. Nxd4 cxd4 12. Ne4 Rc8 13. a3 Nd5 14. Bd2 O-O 15. Qa2 h6 16. Rac1 Be6 17. Qb1 Qb6 18. b4 Nc3 19. Nxc3 dxc3 20. Be3 Qa6 21.
Qa1 c2 22. Bd4 Bxd4 23. Qxd4 Qxa3 24. Bxb7 Rc7 25. Be4 Rb8 26. Qe5 Qc3 27. d4 Bb3 28. f4 Rxb4 29. f5 Qxd4+ 30. Qxd4 Rxd4 31. Bd3 a5 32. fxg6 fxg6 33. Bxg6 Rd1 34. Kg2 Rxf1 35. Kxf1 a4 36. Ke1 a3 37. Kd2 a2 38. Ra1 Kg7 0-1

[Event "*** SCC Grand Prix: Titled Tuesday Blitz"]
[Site "Chess.com"]
[Date "2020.10.06"]
[Round "4"]
[White "swimmerchess"]
[Black "Itk04"]
[Result "1-0"]
[WhiteElo "2818"]
[BlackElo "2464"]
[TimeControl "180+1"]
[EndTime "10:38:32 PDT"]
[Termination "swimmerchess won by resignation"]

1. e4 e6 2. d4 d5 3. Nd2 c5 4.
Ngf3 cxd4 5. exd5 Qxd5 6. Bc4 Qd7 7. O-O Nc6 8. Nb3 Nf6 9. Nbxd4 Nxd4 10. Nxd4 a6 11.
Re1 Bc5 12. Be3 O-O 13. Qe2 b5 14. Bb3 Qc7 15. Rad1 Bb7 16. f3 Nd5 17. Bf2 Nf4 18.
Qe5 Qxe5 19. Rxe5 Bd6 20. Ree1 Bc5 21. Kf1 Rfd8 22. c3 Bd5 23. Nxe6 Bxf2 24. Nxd8 Bxe1 25. Bxd5 Nxd5 26. Rxd5 Bh4 27. Nc6 Re8 28. g3 Bf6 29. Nb4 Re6 30. Rc5 g6 31. Rc8+ Kg7 32. Ra8 Be7 33.
Rxa6 Bxb4 34. Rxe6 fxe6 35. cxb4 Kf6 36. b3 Ke5 37. a4 Kd4 38. a5 Kd5 39. Ke2 Kc6 40. Kd3 1-0

[Event "*** SCC Grand Prix: Titled Tuesday Blitz"]
[Site "Chess.com"]
[Date "2020.10.06"]
[Round "4"]
[White "tlomigtlis"]
[Black "ARTHURMOTIVATOR"]
[Result "0-1"]
[WhiteElo "2488"]
[BlackElo "2336"]
[TimeControl "180+1"]
[EndTime "10:38:32 PDT"]
[Termination "ARTHURMOTIVATOR won by checkmate"]

1. d4 Nf6 2. c4 c5 3. d5 g6 4. Nc3 Bg7 5. Nf3 d6 6. Bf4 O-O 7. e3 Bf5 8. h3 Ne4 9. Nxe4 Bxe4 10. Qd2 Bxf3 11. gxf3 b5 12. Bd3 bxc4 13. Bxc4 Nd7 14. Bd3 Qb6 15. Rb1 Rfc8 16. h4 c4 17. Bc2 c3 18. Qe2 cxb2 19. h5 Qa5+ 20. Kf1 Qxa2 21. hxg6 fxg6 22. Kg2 Qc4 23. Bd3 Qc3 24. Rbg1 a5 25. Rh3 a4 26. Kh2 Nf8 27. Bg5 a3 28. Bxe7 a2 29. Bxf8 Rxf8 30. f4 a1=Q 31. f5 Qxg1+ 32.
Kxg1 Ra1+ 33. Kg2 Qxd3 34. Qxd3 b1=Q 35. Qc4 Qg1+ 36. Kf3 Qd1+ 37. Kg2 Ra4 38. Qc7 Rg4+ 39. Rg3 Rxg3+ 40. fxg3 gxf5 41. Qd7 Qc2+ 42. Kh3 Qe4 43. Qxd6 Qh1# 0-1

[Event "*** SCC Grand Prix: Titled Tuesday Blitz"]
[Site "Chess.com"]
[Date "2020.10.06"]
[Round "4"]
[White "Arfan48"]
[Black "RobPeresian"]
[Result "0-1"]
[WhiteElo "2199"]
[BlackElo "2448"]
[TimeControl "180+1"]
[EndTime "10:38:32 PDT"]
[Termination "RobPeresian won by resignation"]

1. e4 e5 2. Nf3 Nc6 3. d4 exd4 4. Nxd4 Nf6 5. Nxc6 bxc6 6. e5 Qe7 7. Qe2 Nd5 8.
c4 Nb6 9. Nc3 Qe6 10. Qe4 g6 11. Bd2 Bg7 12. f4 O-O 13. O-O-O a5 14. Bd3 Ba6 15.
b3 a4 16. h4 axb3 17. axb3 d5 18. exd6 Qxd6 19. Kc2 Nd7 20. Qf3 Rfb8 21. Ra1 Nc5 22.
Rhb1 Nxb3 23. Rxb3 Rxb3 24. Kxb3 Bxc4+ 25. Bxc4 Rxa1 26. Qe2 Qa3+ 27. Kc2 Kf8 28. Qe4 Bxc3 29. Bxc3 Rc1+ 30. Kd2 Qxc3+ 0-1

[Event "*** SCC Grand Prix: Titled Tuesday Blitz"]
[Site "Chess.com"]
[Date "2020.10.06"]
[Round "4"]
[White "SergeyKarjakin"]
[Black "vinniethepooh"]
[Result "1-0"]
[WhiteElo "2933"]
[BlackElo "2571"]
[TimeControl "180+1"]
[EndTime "10:38:33 PDT"]
[Termination "SergeyKarjakin won by resignation"]

1. d4 Nf6 2. Bg5 d5 3. Nd2 Nbd7 4. e3 g6 5. Ngf3 Bg7 6. c3 O-O 7. Be2 b6 8. O-O Bb7 9. b4 a5 10. b5 h6 11. Bh4 Ne4 12. Nxe4 dxe4 13. Nd2 g5 14.
Bg3 f5 15. f3 f4 16. Bf2 Nf6 17. Bc4+ Kh8 18. fxe4 Nxe4 19. Nxe4 Bxe4 20. exf4 Rxf4 21. Bg3 Rxf1+ 22. Qxf1 Qd7 23. Re1 Rf8 24. Qe2 Bd5 25. h3 c6 26. Bxd5 Qxd5 27. Qxe7 cxb5 28. Re6 Qf5 29. Kh2 b4 30. cxb4 axb4 31. Rxb6 Rf7 32. Qxb4 Qe4 33. Qb3 Rf8 34. d5 Kh7 35. Re6 Qd4 36. Qb1+ Kg8 37. d6 Rd8 38. Re7 Kh8 39. Qg6 Qf6 40. Qxf6 Bxf6 41. Rf7 Bg7 42. a4 Kg8 43. Rb7 Bf8 44. d7 Kf7 45. a5 Ke6 46. a6 Bc5 47. a7 h5 48. Rb8 1-0

[Event "*** SCC Grand Prix: Titled Tuesday Blitz"]
[Site "Chess.com"]
[Date "2020.10.06"]
[Round "4"]
[White "kidagent"]
[Black "Piotrek1979"]
[Result "0-1"]
[WhiteElo "2285"]
[BlackElo "2467"]
[TimeControl "180+1"]
[EndTime "10:38:33 PDT"]
[Termination "Piotrek1979 won by resignation"]

1. e4 Nc6 2. Nf3 d6 3. Bb5 Nf6 4. d3 Bd7 5. O-O g6 6. c3 Bg7 7.
Re1 O-O 8. Nbd2 e5 9. Nf1 a6 10.
Ba4 b5 11. Bc2 Re8 12. Bg5 h6 13. Be3 Qe7 14. h3 d5 15. Qd2 Kh7 16. Ng3 Rad8 17.
exd5 Nxd5 18. d4 Nxe3 19. Rxe3 Be6 20. Rae1 exd4 21. cxd4 Nxd4 22. Nxd4 Rxd4 23. Qe2 Qd7 24. Ne4 Bc4 25. Qh5 Rdxe4 26. Rxe4 Rxe4 27. Bxe4 f5 28.
Bxf5 Qxf5 29. Qxf5 gxf5 30. b3 Bd5 31. Re7 c5 32.
Ra7 c4 33. bxc4 bxc4 34. Kf1 c3 35. Ke2 Bc4+ 36. Kd1 Bd3 37. Rd7 Bb5 38. Rc7 Ba4+ 39. Kc1 Kg6 40. g3 h5 41. Rb7 h4 42. Rb6+ Kh7 43. gxh4 Bh6+ 44. Rxh6+ Kxh6 45. a3 Kh5 46. f4 Kxh4 0-1

[Event "*** SCC Grand Prix: Titled Tuesday Blitz"]
[Site "Chess.com"]
[Date "2020.10.06"]
[Round "4"]
[White "icychess54"]
[Black "juli2512"]
[Result "1-0"]
[WhiteElo "2251"]
[BlackElo "2040"]
[TimeControl "180+1"]
[EndTime "10:38:33 PDT"]
[Termination "icychess54 won by checkmate"]

1. c4 e5 2. Nf3 d6 3. Nc3 f5 4.
d4 e4 5. Nd2 Nf6 6. b3 Nc6 7. Bb2 g6 8. e3 Bg7 9. Be2 O-O 10. O-O Ne7 11. f3 exf3 12. Bxf3 c6 13. d5 Ng4 14. Bxg4 fxg4 15. dxc6 bxc6 16. Rxf8+ Qxf8 17. Nde4 Nf5 18. Qd2 Bh6 19. Nd1 Be6 20. Nf6+ Kf7 21.
Nxg4 Bg5 22. Nc3 h5 23. Ne4 Be7 24. Ngf6 Bxf6 25. Nxf6 Qh6 26. Re1 Rd8 27. Qc3 d5 28. cxd5 Bxd5 29. Nxd5 Rxd5 30. e4 Rd2 31. exf5 Qg5 32. Qg7# 1-0

[Event "*** SCC Grand Prix: Titled Tuesday Blitz"]
[Site "Chess.com"]
[Date "2020.10.06"]
[Round "4"]
[White "MFBerna"]
[Black "boasovietica"]
[Result "1-0"]
[WhiteElo "2303"]
[BlackElo "2453"]
[TimeControl "180+1"]
[EndTime "10:38:34 PDT"]
[Termination "MFBerna won by resignation"]

1. e4 e5 2. Nf3 Nc6 3. Bb5 a6 4.
Ba4 Nf6 5. O-O Be7 6. Re1 b5 7. Bb3 d6 8. c3 O-O 9. h3 Bb7 10.
d3 Re8 11. Nbd2 Bf8 12. Nf1 g6 13. Ng3 Bg7 14. a4 d5 15. axb5 axb5 16. Rxa8 Bxa8 17. exd5 Nxd5 18. Bg5 f6 19. Bd2 Kh8 20. Qe2 Re7 21. Ne4 Nf4 22. Bxf4 exf4 23. Qd2 Na5 24. Bc2 f5 25. Neg5 Rxe1+ 26. Qxe1 Qd7 27. Ne5 Qd5 28.
Nxg6+ hxg6 29. Qe8+ Qg8 30. Qxg6 Bf3 31. Nf7+ Qxf7 32.
Qxf7 Be2 33. Qe8+ 1-0

[Event "*** SCC Grand Prix: Titled Tuesday Blitz"]
[Site "Chess.com"]
[Date "2020.10.06"]
[Round "4"]
[White "remi04"]
[Black "sergiochess83"]
[Result "1-0"]
[WhiteElo "2558"]
[BlackElo "2777"]
[TimeControl "180+1"]
[EndTime "10:38:36 PDT"]
[Termination "remi04 won by resignation"]

1. e4 c5 2. Nf3 d6 3. d4 cxd4 4. Qxd4 Nf6 5. Be2 Nc6 6. Qe3 g6 7. O-O Bg7 8. c4 O-O 9. Nc3 Qa5 10. h3 Bd7 11. Rb1 Rac8 12. Qd2 Rfe8 13. b3 a6 14. Bb2 b5 15. cxb5 axb5 16. Bxb5 Nxe4 17. Nxe4 Qxb5 18. Bxg7 Kxg7 19. Nc3 Qa5 20. b4 Nxb4 21.
Qd4+ e5 22. Qxd6 Bf5 23. Rxb4 Re6 24. Qd7 Rb6 25. Ra4 Qxc3 26. Qd5 Rc5 27. Qd8 Rbc6 28.
Ra8 Rc8 29. Rxc8 Bxc8 30. Ng5 Qd4 31. Qe7 Qd7 32. Qxc5 1-0

[Event "*** SCC Grand Prix: Titled Tuesday Blitz"]
[Site "Chess.com"]
[Date "2020.10.06"]
[Round "4"]
[White "Bastiandash"]
[Black "StiffMaster1"]
[Result "0-1"]
[WhiteElo "2274"]
[BlackElo "2526"]
[TimeControl "180+1"]
[EndTime "10:38:37 PDT"]
[Termination "StiffMaster1 won by checkmate"]

1. e4 e5 2. Nf3 Nc6 3. d4 exd4 4. Nxd4 Nf6 5. Nxc6 bxc6 6. Bd3 d5 7. exd5 cxd5 8.
O-O Be7 9. h3 O-O 10. Qf3 Bb7 11. Bf4 c5 12. c3 Qb6 13. Qe2 Rfe8 14. Qc2 c4 15. Be2 Bc5 16. Bf3 Ne4 17. Nd2 Nxf2 18. Kh2 Nd3 19. b4 Nxf4 20. bxc5 Qxc5 21. Qf5 Qc7 22.
Kh1 g6 23. Qg4 f5 24. Qg5 Ne6 25. Qh4 Qg7 26. Nxc4 dxc4 27. Bxb7 Qxb7 28. Rae1 Qc6 29. Qf6 Rac8 30. Re5 Nf8 31. Qxc6 Rxc6 32. Rxe8 Kf7 33. Rfe1 Ne6 34. Rh8 Ng5 35. Rb8 Rc7 36. Re3 Ne4 37. Kh2 h5 38. h4 Kf6 39. g3 Rd7 40. Rb2 Rd1 41. Kg2 Rc1 42. Rb7 Nxc3 43. Rxa7 Ne4 44. Ra6+ Ke5 45. Re2 Kd4 46. Rxg6 Kd3 47. Rb2 c3 48. Rb8 Rc2+ 49. Kf3 Rf2# 0-1

[Event "*** SCC Grand Prix: Titled Tuesday Blitz"]
[Site "Chess.com"]
[Date "2020.10.06"]
[Round "4"]
[White "Rodalquilar"]
[Black "FMKonstantin_Twitch"]
[Result "0-1"]
[WhiteElo "2775"]
[BlackElo "2557"]
[TimeControl "180+1"]
[EndTime "10:38:38 PDT"]
[Termination "FMKonstantin_Twitch won on time"]

1. d4 Nf6 2. Bf4 c5 3. e3 Qb6 4. Nc3 Qxb2 5. Nge2 d6 6. Rb1 Qa3 7. g4 Bxg4 8. Bg2 Nbd7 9. Rxb7 Rc8 10. O-O g5 11.
Bxg5 Rg8 12. Nb5 Qa5 13. f4 h6 14. Bxf6 Nxf6 15. Nxa7 Qa6 16. Nxc8 Bxe2 17. Rb8 Kd7 18. Nb6+ Kc7 19. Rc8+ Qxc8 20. Qxe2 Kxb6 21. Rb1+ Kc7 22. Qb5 Qa8 23. e4 Nxe4 24. Qb6+ Kd7 25. dxc5 Rxg2+ 26.
Kxg2 Nxc5+ 27. Kg1 Bg7 28. Qb5+ Qc6 29. Qb8 Bd4+ 0-1

[Event "*** SCC Grand Prix: Titled Tuesday Blitz"]
[Site "Chess.com"]
[Date "2020.10.06"]
[Round "4"]
[White "RobertoJBM"]
[Black "Zq1"]
[Result "1-0"]
[WhiteElo "2734"]
[BlackElo "2521"]
[TimeControl "180+1"]
[EndTime "10:38:39 PDT"]
[Termination "RobertoJBM won on time"]

1. d4 Nf6 2. c4 a6 3. Nc3 c5 4. d5 b5 5. f3 b4 6. Na4 d6 7. e4 g6 8. b3 Bg7 9. Nb2 a5 10. Rb1 O-O 11. Bd3 Nbd7 12. Ne2 Nb6 13. O-O a4 14. Bc2 axb3 15. axb3 Ra2 16. Kh1 e6 17.
dxe6 Bxe6 18. Bf4 Nh5 19. Nd3 Nxf4 20. Ndxf4 Be5 21. Nxe6 fxe6 22. f4 Bg7 23. Qd3 d5 24. cxd5 exd5 25. exd5 Qxd5 26. Ng3 Rd8 27. Qxd5+ Nxd5 28. Be4 Nc3 29. Rbe1 Nxe4 30. Nxe4 Bd4 31. f5 gxf5 32.
Rxf5 Rf8 33. Rg5+ Kh8 34. Nxc5 Bc3 35. Rd1 Rg8 36. Rxg8+ Kxg8 37. g3 Rb2 38. Rd7 h5 39.
Rd5 h4 40. gxh4 Kg7 41. Rd6 Re2 42. Nd3 Rd2 43. Rd5 Kh6 44. h5 1-0

[Event "*** SCC Grand Prix: Titled Tuesday Blitz"]
[Site "Chess.com"]
[Date "2020.10.06"]
[Round "4"]
[White "StellarChessPro"]
[Black "northridgehawk"]
[Result "1-0"]
[WhiteElo "2476"]
[BlackElo "2303"]
[TimeControl "180+1"]
[EndTime "10:38:40 PDT"]
[Termination "StellarChessPro won by resignation"]

1. d4 Nf6 2. Bg5 Ne4 3. Bf4 c5 4. f3 Nf6 5. dxc5 e6 6. Bd6 Bxd6 7.
cxd6 O-O 8. Qd2 b6 9. Nc3 Bb7 10. e4 Nc6 11. Nge2 a6 12. Nd4 b5 13. Nxc6 Bxc6 14.
e5 Nh5 15. O-O-O Qa5 16. Kb1 b4 17. Ne2 Qxe5 18. Qxb4 Rab8 19. Qd4 Qa5 20. Qc3 Qb6 21. Ng3 Nf4 22. Qd4 Qxd4 23. Rxd4 Nd5 24. a3 a5 25. Kc1 Rb6 26. c4 Nf6 27. c5 Rb7 28. Bc4 Rfb8 29. b3 Bd5 30. Kd2 Bxc4 31. Rxc4 Rxb3 32. Rhc1 Rxa3 33.
c6 dxc6 34. Rxc6 h6 35. Ne4 Rb2+ 36. R1c2 Rxc2+ 37. Kxc2 Nxe4 38. fxe4 Ra2+ 39. Kc3 Ra1 40. d7 Kh7 41. Kc2 Ra2+ 42. Kd1 Ra1+ 43. Rc1 Ra4 44. d8=Q e5 45. Ke2 Rxe4+ 46. Kf2 a4 47. Qd7 f5 48.
Qxf5+ 1-0

[Event "*** SCC Grand Prix: Titled Tuesday Blitz"]
[Site "Chess.com"]
[Date "2020.10.06"]
[Round "4"]
[White "Emp3rador"]
[Black "narutosmith"]
[Result "1-0"]
[WhiteElo "2423"]
[BlackElo "2215"]
[TimeControl "180+1"]
[EndTime "10:38:40 PDT"]
[Termination "Emp3rador won on time"]

1. e4 c5 2. Nf3 e6 3. d4 cxd4 4. Nxd4 Nc6 5. Nc3 Qc7 6. Be3 a6 7. Qf3 Nf6 8. O-O-O Be7 9. Nxc6 bxc6 10. Bf4 e5 11.
Bg5 d6 12. h3 Be6 13. g4 Rb8 14. Kb1 Qb6 15. Bc1 d5 16. exd5 Nxd5 17. Bc4 O-O 18. Bxd5 cxd5 19. Nxd5 Bxd5 20. Rxd5 Bg5 21. b3 Bxc1 22. Rxc1 a5 23. Qe4 a4 24. Qxa4 Ra8 25. Qe4 Qxf2 26. Rxe5 Qd2 27. Rd5 Qc3 28. Qd4 Qxh3 29.
Rg5 Qh6 30. Rd5 Rae8 31. a4 Re2 32. Rd6 Qg5 33. Rd5 Qh6 34. a5 Qa6 35. Qb6 Qa8 36. Rd7 Qf3 37. Rd8 Ree8 38. Rxe8 Rxe8 39. g5 Qf4 40. a6 Qxg5 41. a7 Qg2 42. Kb2 Qe4 43.
Rd1 Qa8 44. Rd7 h5 45. Rb7 h4 46. Rb8 Qe4 47. Rxe8+ Qxe8 48. Qb8 1-0

[Event "*** SCC Grand Prix: Titled Tuesday Blitz"]
[Site "Chess.com"]
[Date "2020.10.06"]
[Round "4"]
[White "Shivagami"]
[Black "Happy1712Drummer"]
[Result "1-0"]
[WhiteElo "2221"]
[BlackElo "2394"]
[TimeControl "180+1"]
[EndTime "10:38:40 PDT"]
[Termination "Shivagami won by resignation"]

1. d4 d5 2. c4 c6 3. Nc3 Nf6 4. cxd5 cxd5 5. Bf4 a6 6. e3 Nc6 7.
Bd3 e6 8. Nge2 Be7 9. O-O O-O 10. f3 Bd7 11. e4 Nb4 12. Bb1 Bb5 13. a3 Bxe2 14.
Qxe2 Nc6 15. e5 Nd7 16. Qd3 g6 17. b4 a5 18. b5 Nxd4 19. Kh1 Nb3 20. Ra2 Nbc5 21.
Qe2 Bg5 22. Bg3 Bh4 23. Bf4 b6 24. Bh6 Re8 25. f4 Rc8 26. g4 Be7 27. f5 Bf8 28. Bxf8 Nxf8 29. f6 Ncd7 30. Qe3 Nxf6 31. exf6 Nd7 32.
g5 e5 33. Qh3 Nf8 34. Rd2 Ne6 35. Nxd5 Nf8 36. Ne7+ 1-0

[Event "*** SCC Grand Prix: Titled Tuesday Blitz"]
[Site "Chess.com"]
[Date "2020.10.06"]
[Round "4"]
[White "FloMaster111"]
[Black "GHANDEEVAM2003"]
[Result "0-1"]
[WhiteElo "2572"]
[BlackElo "2957"]
[TimeControl "180+1"]
[EndTime "10:38:41 PDT"]
[Termination "GHANDEEVAM2003 won on time"]

1. Nf3 Nf6 2. d4 g6 3. Nc3 d5 4. Bf4 a6 5. e3 Bg7 6. h3 O-O 7. Be2 b5 8. O-O Bb7 9. a4 b4 10.
Nb1 c5 11. c3 bxc3 12. bxc3 Nc6 13. dxc5 Ne4 14. Qc2 e5 15. Bh2 Nxc5 16. Rd1 Rc8 17. Nbd2 Qe7 18. Rab1 Rfd8 19. Qa2 d4 20. cxd4 exd4 21.
exd4 Nxd4 22. Nxd4 Rxd4 23. Nf3 Rxa4 24. Qc2 Be4 25.
Bd3 Bxf3 26. gxf3 Be5 27. Bg3 Bxg3 28. fxg3 Rd8 29. Qe2 Qf6 30. Be4 Rxd1+ 31. Rxd1 Nxe4 32. fxe4 Qe5 33. Qf3 Rxe4 34. Rf1 Qc5+ 35. Qf2 Qe7 36. Qf3 Re3 37. Qf4 h5 38. Rf2 a5 39. g4 Rxh3 40.
g5 Re3 41. Rb2 Re1+ 42. Kf2 Re5 0-1

[Event "*** SCC Grand Prix: Titled Tuesday Blitz"]
[Site "Chess.com"]
[Date "2020.10.06"]
[Round "4"]
[White "Witik"]
[Black "KonstantinB_1983"]
[Result "0-1"]
[WhiteElo "2694"]
[BlackElo "2515"]
[TimeControl "180+1"]
[EndTime "10:38:41 PDT"]
[Termination "KonstantinB_1983 won on time"]

1. d4 Nf6 2. c4 b6 3. Nc3 Bb7 4. d5 e6 5. a3 Bd6 6. Nf3 exd5 7. cxd5 O-O 8. Bg5 h6 9. Bh4 Re8 10. e3 c6 11. Bc4 Na6 12. O-O Nc7 13. dxc6 dxc6 14. Nd4 Be5 15. Qb3 Qe7 16. Nf5 Qf8 17. f4 Bxc3 18. Qxc3 Ncd5 19. Qe1 g6 20. Bxf6 Nxf6 21.
Qh4 gxf5 22. Qxf6 Qg7 23. Qxf5 Rxe3 24. Qd7 Rb8 25. Qc7 Ree8 26. Rf3 Qd4+ 27. Kh1 Qxc4 28.
Rg3+ Kh8 29. Qd6 Qe6 30. Qd4+ f6 31. h3 c5 32. Qf2 Qf5 0-1

[Event "*** SCC Grand Prix: Titled Tuesday Blitz"]
[Site "Chess.com"]
[Date "2020.10.06"]
[Round "4"]
[White "venus02"]
[Black "Playgood28"]
[Result "1-0"]
[WhiteElo "2480"]
[BlackElo "2303"]
[TimeControl "180+1"]
[EndTime "10:38:41 PDT"]
[Termination "venus02 won by resignation"]

1. e4 e5 2. Nf3 d6 3. d4 exd4 4. Nxd4 Nf6 5. Nc3 Be7 6. f3 O-O 7. Be3 c5 8. Nde2 a6 9. Qd2 b5 10. Nf4 Bb7 11. Be2 Nbd7 12. O-O Nb6 13. a3 d5 14.
exd5 Nfxd5 15. Ncxd5 Nxd5 16. Nxd5 Qxd5 17. Qxd5 Bxd5 18.
Rad1 Rad8 19. Kf2 Bc6 20. Rxd8 Rxd8 21. c4 Bf6 22. b3 Bd4 23. Bxd4 Rxd4 24. Rc1 bxc4 25.
Bxc4 a5 26. Be2 c4 27. Rxc4 Rxc4 28. Bxc4 Kf8 29. Ke3 Ke7 30. g3 f6 31. f4 Kd6 32.
Kd4 Bf3 33. Bd3 h6 34. Be4 Be2 35. b4 axb4 36. axb4 g5 37. Bd3 Bf3 38. b5 gxf4 39. gxf4 Bb7 40. Be4 Bc8 41. b6 Be6 42. Bf3 Bf5 43.
Kc4 Bd7 44. Kb4 Be8 45. Ka5 1-0

[Event "*** SCC Grand Prix: Titled Tuesday Blitz"]
[Site "Chess.com"]
[Date "2020.10.06"]
[Round "4"]
[White "creativity"]
[Black "AttackSparrow"]
[Result "0-1"]
[WhiteElo "2066"]
[BlackElo "2389"]
[TimeControl "180+1"]
[EndTime "10:38:41 PDT"]
[Termination "AttackSparrow won by checkmate"]

1. d4 Nf6 2. c4 g6 3. Nc3 d5 4. cxd5 Nxd5 5. e4 Nxc3 6. bxc3 Bg7 7. Bg5 c5 8. Rc1 Nc6 9. d5 Ne5 10. Nf3 O-O 11. Nxe5 Bxe5 12. Be2 Qa5 13. Qd2 Re8 14. f4 Bg7 15. O-O Bd7 16. Bh4 b5 17. e5 Rad8 18. Qe1 Bf5 19. c4 Qxa2 20. Ra1 Qb3 21. Rxa7 bxc4 22. d6 exd6 23. Bxd8 Rxd8 24. exd6 Bd4+ 25.
Kh1 Rxd6 26. Bd1 Qe3 27. Qa5 Kg7 28. Qc7 Rf6 29. Bf3 c3 30. Bd5 Be6 31. Bxe6 Qxe6 32. h3 Qe3 33. Ra8 c2 34. Qd8 Kh6 35. Qf8+ Kh5 36. g4+ Kh4 37. Qh6+ Kg3 38. Ra3 Qxa3 39. Rg1+ Bxg1 40. Kxg1 Qc1# 0-1

[Event "*** SCC Grand Prix: Titled Tuesday Blitz"]
[Site "Chess.com"]
[Date "2020.10.06"]
[Round "4"]
[White "chito89"]
[Black "Lagmantr"]
[Result "0-1"]
[WhiteElo "2812"]
[BlackElo "2657"]
[TimeControl "180+1"]
[EndTime "10:38:42 PDT"]
[Termination "Lagmantr won by resignation"]

1. e4 c6 2. d4 d5 3. f3 g6 4.
Nc3 Bg7 5. e5 Na6 6. f4 Nc7 7.
Bd3 Bf5 8. Bxf5 gxf5 9. Be3 Nh6 10. h3 Qd7 11. Nf3 O-O-O 12. Qe2 Rhg8 13. O-O-O Bf8 14. Rdg1 f6 15. Nh4 c5 16. dxc5 fxe5 17.
fxe5 Nf7 18. Rd1 e6 19. Nf3 Na6 20. Nb5 Bxc5 21. c4 Qc6 22. Kb1 dxc4 23. Bxc5 Qxc5 24.
Rc1 Kb8 25. Rxc4 Qd5 26. Nbd4 Qe4+ 27. Qxe4 fxe4 28. Nd2 Nxe5 29. Ra4 Nc5 30. Rb4 Ncd3 31. Ra4 Rxg2 32. Nxe4 Nxb2 33. Ka1 Nxa4 0-1